 Dungeon Crawl Stone Soup version 0.29.1-12-g30fa7ad0bf (webtiles) character file.

Game seed: 6524995598463282064

45 fantasyman the Shield-Bearer (level 3, 0/30 HPs)
             Began as a Formicid Fighter on Dec 20, 2022.
             Slain by Sigmund
             ... wielding a +0 scythe
              (4 damage)
             ... on level 2 of the Dungeon.
             The game lasted 00:00:57 (936 turns).

fantasyman the Shield-Bearer (Formicid Fighter)      Turns: 936, Time: 00:00:58

Health: 0/30       AC:  7    Str: 22    XL:     3   Next: 90%
Magic:  3/3        EV:  9    Int:  7    God:
Gold:   20         SH:  5    Dex: 13    Spells: 2/2 levels left

rFire   . . .      SeeInvis +   a - +0 flail
rCold   . . .      Faith    .   c - +0 buckler
rNeg    . . .      Spirit   .   b - +0 scale mail
rPois   .          Reflect  .   (helmet unavailable)
rElec   .          Harm     .   (no cloak)
rCorr   .          Rampage  .   (no gloves)
Will    .....                   (no boots)
Stlth   ..........              (no amulet)
HPRegen 0.10/turn               (no ring)
MPRegen 0.08/turn               (no ring)

@: mighty
A: permanent stasis, dig shafts and tunnels, antennae 3, four strong arms
a: Dig, Shaft Self


You were on level 2 of the Dungeon.
You visited 1 branch of the dungeon, and saw 2 of its levels.

You collected 20 gold pieces.

Inventory:

Hand Weapons
 a - a +0 flail (weapon)
Armour
 b - a +0 scale mail (worn)
 c - a +0 buckler (worn)
Scrolls
 g - a scroll of enchant armour {unknown}
 h - a scroll of poison {unknown}
 i - a scroll of immolation {unknown}
 j - 2 scrolls of identify {unknown}
Potions
 e - a potion of attraction {unknown}
 f - a potion of mutation {unknown}


   Skills:
 * Level 3.7 Fighting
 * Level 2.7 Maces & Flails
 * Level 3.9 Armour
 * Level 1.1 Stealth
 - Level 4.0 Shields


You had 2 spell levels left.
You didn't know any spells.
Your spell library was empty.

Dungeon Overview and Level Annotations

Branches:
Dungeon (2/15)

Altars:

Annotations:
D:2 Sigmund


Innate Abilities, Weirdness & Mutations

You cannot be hasted, slowed, berserked, paralysed or teleported.
You can dig through walls and to a lower floor.
You have a pair of large antennae on your head. (SInv)
Your four strong arms can wield two-handed weapons with a shield.


Message History

You sock Sigmund!
Sigmund is moderately wounded.
Sigmund is nearby!
You barely miss Sigmund.
Sigmund is moderately wounded.
Sigmund hits you with a +0 scythe.
You closely miss Sigmund.
Sigmund is moderately wounded.
Sigmund hits you with a +0 scythe.
Sigmund is nearby!
You closely miss Sigmund.
Sigmund is moderately wounded.
Sigmund barely misses you.
You hit Sigmund but do no damage.
Sigmund is moderately wounded.
Sigmund hits you with a +0 scythe.
You sock Sigmund!
Sigmund is severely wounded.
Sigmund hits you with a +0 scythe.
You are too injured to fight recklessly!
You closely miss Sigmund.
Sigmund is severely wounded.
Sigmund gestures at you while chanting.
You are confused.
You feel very mighty all of a sudden. Sigmund hits you with a +0 scythe.
A hobgoblin comes into view.
The hobgoblin shouts!
Found a stone staircase leading down.
Sigmund barely misses you.
Sigmund hits you from afar with a +0 scythe!
* * * LOW HITPOINT WARNING * * *
You bump into the rock wall.
You feel less confused.
You closely miss the hobgoblin. Sigmund casts a spell at you.
You resist with some effort. The hobgoblin barely misses you.
You closely miss the hobgoblin.
Sigmund hits you from afar with a +0 scythe.
You die...

######.#.##.##.#.†.#...
#.#...#.........#
#.####<##.#..#### #.#
#....#..#
...#####..#..#
..........#..#
....#####..#..#
...######.....#
.#.....g@.....##
>.#####.#@..##
#.......... #.#...#####
{ ........# ..###.##!#
..>$ #.# .# ##. #.# .#
# .##


You could see Sigmund and a hobgoblin.

Vanquished Creatures
  2 adders (D:2)
  A dart slug (D:1)
  3 ball pythons
  2 endoplasms (D:2)
  2 giant cockroaches
  3 hobgoblins
  3 jackals (D:1)
  3 bats
  A kobold (D:1)
  3 rats
23 creatures vanquished.

Notes
Turn   | Place    | Note
-------+----------+-------------------------------------------
     0 | D:1      | fantasyman the Formicid Fighter began the quest for the
                  | Orb.
     0 | D:1      | Reached XP level 1. HP: 18/18 MP: 1/1
   264 | D:1      | Reached XP level 2. HP: 22/24 MP: 2/2
   767 | D:2      | Reached skill level 1 in Stealth
   767 | D:2      | Reached XP level 3. HP: 26/30 MP: 3/3
   913 | D:2      | Noticed Sigmund
   936 | D:2      | Slain by Sigmund

Illustrated notes

Levels and vault maps discovered:
D:1:      minmay_arrival_cross, layout_loops_ring, hangedman_decor_push
D:2:      layout_loops_ring, minmay_3d_cube, uniq_robin, uniq_jessica,
          uniq_sigmund

Skill      XL: |  1  2 |
---------------+-------+-----
Stealth        | 1 |  1.1
Fighting       | |  3.7
Maces & Flails | |  2.7
Armour         | |  3.9
Shields        | |  4.0

Action                   || total
-------------------------++-------
Melee: Flail             ||    88
  Use: Potion            ||     1
Armor: Scale mail        ||    46
Dodge: Dodged            ||    45
Block: Buckler           ||    17
